 Dungeon Crawl Stone Soup version 0.30-a0-459-g9104f0fc43 (webtiles) character file.

Game seed: 11872577505128627495

127 dracfodder the Conjurer (level 4, -1/34 HPs)
             Began as a Draconian Conjurer on Dec 16, 2022.
             Slain by a gnoll
             ... wielding a +0 club
              (2 damage)
             ... on level 3 of the Dungeon.
             The game lasted 00:11:56 (2861 turns).

dracfodder the Conjurer (Draconian Conjurer)        Turns: 2861, Time: 00:11:56

Health: -1/34      AC:  8    Str:  9    XL:     4   Next: 85%
Magic:  2/7        EV: 16    Int: 21    God:
Gold:   145        SH:  0    Dex:  9    Spells: 5/8 levels left

rFire   . . .      SeeInvis .    b - +2 mace (drain)
rCold   . . .      Faith    .    (no shield)
rNeg    . . .      Spirit   .    (body armour unavailable)
rPois   .          Reflect  .    (helmet restricted)
rElec   .          Harm     .    (no cloak)
rCorr   .          Rampage  .    (no gloves)
Will    .....                    d - +2 pair of boots
Stlth   ++........               (no amulet)
HPRegen 0.25/turn                g - +4 ring of evasion
MPRegen 0.10/turn                (no ring)

@: mighty
A: AC +5, unfitting armour, cold-blooded
a: no special abilities


You were on level 3 of the Dungeon.
You visited 1 branch of the dungeon, and saw 3 of its levels.

You collected 145 gold pieces.

Inventory:

Hand Weapons
 a - a +1 sling of flaming
 b - a +2 mace of draining (weapon)
 l - a +0 hand axe of flaming
Armour
 d - a +2 pair of boots (worn)
Jewellery
 g - a +4 ring of evasion (left hand)
 n - a ring of flight
 o - an amulet of guardian spirit
Scrolls
 e - a scroll of identify
Potions
 h - a potion of magic
 m - a potion of lignification {unknown}


   Skills:
 + Level 0.7 Fighting
 + Level 0.1 Maces & Flails
 + Level 1.9 Ranged Weapons
 + Level 2.1 Dodging
 + Level 2.0 Stealth
 + Level 2.6 Spellcasting
 + Level 4.9 Conjurations


You had 5 spell levels left.
You knew the following spells:

 Your Spells              Type           Power      Damage    Failure   Level
a - Magic Dart            Conj           92%        1d7       1%          1
b - Searing Ray           Conj           46%        2d6       2%          2

Your spell library contained the following spells:

 Spells                   Type           Power      Damage    Failure   Level
 Dazzling Flash           Conj/Hex       26%        N/A       16%         3
 Fulminant Prism          Conj/Hex       6%         3d7       45%         4
 Iskenderun's Mystic Bla  Conj/Tloc      13%        2d5       45%         4


Dungeon Overview and Level Annotations

Branches:
Dungeon (3/15)

Altars:
Fedhas
Qazlal


Innate Abilities, Weirdness & Mutations

Your plain brown scales are hard. (AC +5)
You cannot fit into any form of body armour.
You are cold-blooded and may be slowed by cold attacks.


Message History

An orc wizard comes into view. It is wielding a +0 dagger.
An orc comes into view. It is wielding a +0 short sword.
The orc shouts!
The searing ray hits the gnoll.
The gnoll is moderately wounded.
The searing ray hits the gnoll!
The gnoll is severely wounded.
The searing ray hits the gnoll!
You kill the gnoll!
The gnoll barely misses you.
The orc hits you with a +2 short sword of speed.
The gnoll hits you from afar with a +2 vorpal spear.
* * * LOW HITPOINT WARNING * * *
x2 The gnoll completely misses you.
An orc comes into view. It is wielding a +0 morningstar.
The orc hits you with a +2 short sword of speed.
* * * LOW HITPOINT WARNING * * *
The searing ray hits the gnoll.
The gnoll is heavily wounded.
The searing ray hits the gnoll.
You kill the gnoll!
The searing ray hits the kobold.
You kill the kobold!
You finish channelling your searing ray.
The gnoll misses you. The orc completely misses you.
The gnoll hits you with a +0 club.
* * * LOW HITPOINT WARNING * * *
The orc completely misses you.
It was a potion of cancellation.
Your magical effects are unravelling.
You feel magically purged.
You feel yourself speed up. The gnoll barely misses you.
The orc hits you with a +2 short sword of speed.
* * * LOW HITPOINT WARNING * * *
The gnoll barely misses you. The orc misses you.
You feel very mighty all of a sudden. The gnoll barely misses you.
The orc misses you. The gnoll hits you with a +0 club.
You die...

โ‰ˆโ‰ˆ_....._P .
..ยง.^..PPP ..
#โ‰ˆ.#...PP. ...
......... ....
......... .....
#.......#
.....b####o......#
....ooog@o{....!.#
.....#####{......#
o.. #.......# .
#.......#
#.......#
#########


You could see an orc wizard, a gnoll (berserk), 4 orcs and a bat.

Vanquished Creatures
  Natasha (D:3)
  3 gnolls (D:3)
  An adder (D:2)
  A worm (D:2)
  3 dart slugs
  An orc (D:3)
  A ball python (D:2)
  5 endoplasms
  3 giant cockroaches (D:1)
  4 goblins
  5 hobgoblins
  5 kobolds
  3 quokkas (D:1)
  7 bats
  4 frilled lizards
  5 rats
52 creatures vanquished.

Notes
Turn   | Place    | Note
-------+----------+-------------------------------------------
     0 | D:1      | dracfodder the Draconian Conjurer began the quest for the
                  | Orb.
     0 | D:1      | Reached XP level 1. HP: 14/14 MP: 3/3
   362 | D:1      | Reached XP level 2. HP: 19/20 MP: 0/5
   418 | D:1      | Learned a level 2 spell: Searing Ray
  1099 | D:1      | Reached XP level 3. HP: 26/26 MP: 3/6
  1713 | D:2      | Found a faded altar of an unknown god.
  1713 | D:2      | Noticed a floating eye
  1720 | D:2      | Noticed a great orb of eyes
  1725 | D:2      | Noticed a shining eye
  1725 | D:2      | Noticed a shining eye
  1979 | D:2      | Reached skill level 1 in Ranged Weapons
  2682 | D:2      | Reached XP level 4. HP: 33/33 MP: 7/7
  2833 | D:3      | Found a stormy altar of Qazlal.
  2833 | D:3      | Found a blossoming altar of Fedhas.
  2841 | D:3      | Noticed Natasha
  2856 | D:3      | Killed Natasha
  2860 | D:3      | HP: 1/34 [orc/+2 short sword of speed (2)]
  2861 | D:3      | Slain by a gnoll

Illustrated notes

Levels and vault maps discovered:
D:1:      eino_arrival_water_cross, layout_loops_corners, serial_forest,
          infiniplex_forest_clump_cross, infiniplex_forest_lined_corner,
          infiniplex_forest_lined_room_2, infiniplex_forest_lined_2,
          infiniplex_forest_straight_4, infiniplex_forest_straight_1
D:2:      layout_basic, hellmonk_ecumenical_altar_watching_god
D:3:      layout_rooms, grunt_temple_overflow_gold_and_silver,
          grunt_temple_overflow_forces_of_nature, trog_butcher_becter,
          uniq_natasha, uniq_grinder

Skill      XL: |  1  2  3  4 |
---------------+-------------+-----
Stealth        | 2 |  2.0
Ranged Weapons | 1 |  1.9
Dodging        | 2 |  2.1
Fighting       | |  0.7
Maces & Flails | |  0.1
Spellcasting   | |  2.6
Conjurations   | |  4.9

Action                   |  1- 3 |  4- 6 || total
-------------------------+-------+-------++-------
Melee: Unarmed           |    22 |       ||    22
       Mace              |       |    11 ||    11
       Sling             |       |     1 ||     1
       Tailslap          |       |     1 ||     1
 Fire: Sling             |    40 |       ||    40
 Cast: Magic Dart        |    51 |       ||    51
       Searing Ray       |    11 |     2 ||    13
  Use: Scroll            |     4 |       ||     4
       Potion            |       |     3 ||     3
Armor: Skin              |     5 |    12 ||    17
Dodge: Dodged            |    36 |    54 ||    90

Table legend: (Time is in decaauts)
 A = Elapsed time spent in this place.
 B = Non-inter-level travel time spent in this place.
 C = Inter-level travel time spent in this place.
 D = Time resting spent in this place.
 E = Time spent auto-exploring this place.
 F = Levels seen in this place.
 G = Mean time per level.
                   A        B        C        D        E       F      G
               +--------+--------+--------+--------+--------+-----+--------+
         Total |   2884 |   2822 |     62 |    729 |   1694 |   3 |  961.3 |
       Dungeon |   2884 |   2822 |     62 |    729 |   1694 |   3 |  961.3 |
               +--------+--------+--------+--------+--------+-----+--------+

Top non-repeatable levels by time:
     D:1: 1478 daAuts
     D:2: 1368 daAuts
     D:3: 37 daAuts
